Workbook

Sheet PPTO 2025 CGU
A1: http://cgudea.armada.cl:8090/cgu90mn-dea/servlet/hlogin?err
A2: Cm$126789 | B2: PRESUPUESTO 2025 ESCUELA NAVAL "ARTURO PRAT"
B3: 45900
B4: CENFIN 03
B5: UU.EE. | C5: NOMBRE | D5: PRESUPUESTO INICIAL | E5: AUMENTOS Y DISMINUCIONES | F5: PRESUPUESTO VIGENTE | G5: OBLIGADO CGU | H5: % OBLIG. | I5: DEVENGADO CGU | J5: % DEV. | K5: POR DEVENGAR | L5: SALDO DISPONIBLE POR OBLIGAR CGU | M5: PROCESOS CON FOLIO RESERVADO | N5: RECURSOS DISPONIBLES | O5: AVANCE TOTAL | P5: NECESIDADES SIN FINANCIAMIENTO | Q5: SALDO PROYECTADO
B6: 1320 | C6: PRESUPUESTO | D6: 296994493 | E6: =+F6-D6 -> 1 | F6: 296994494 | G6: 296891369 | H6: =G6/F6 -> 0.99965277 | I6: 266046488 | J6: =I6/F6 -> 0.89579603 | K6: =+G6-I6 -> 30844881 | L6: =F6-G6 -> 103125 | M6: =+'FOLIOS 03'!D6 -> 103125 | N6: =L6-M6 -> 0 | O6: =1-N6/F6 -> 1 | P6: 0 | Q6: =N6-N6-P6 -> 0
B7: 1331 | C7: CAPITAL ESNAVAL | D7: 649010446 | E7: =+F7-D7 -> 62107905 | F7: 711118351 | G7: 520443353 | H7: =G7/F7 -> 0.73186601 | I7: 220847091 | J7: =I7/F7 -> 0.31056306 | K7: =+G7-I7 -> 299596262 | L7: =F7-G7 -> 190674998 | M7: ='FOLIOS 03'!D22 -> 203432604 | N7: =L7-M7 -> -12757606 | O7: =1-N7/F7 -> 1.0179402 | P7: =VLOOKUP(B7,'SIN FINANCIAMIENTO 03'!D:E,2,FALSE) -> 0 | Q7: =N7-N7-P7 -> 0
B8: 1333 | C8: CONTROL DE GESTIÓN | D8: 2595500 | E8: =+F8-D8 -> 3434731 | F8: 6030231 | G8: 3932190 | H8: =G8/F8 -> 0.6520795 | I8: 2912190 | J8: =I8/F8 -> 0.48293175 | K8: =+G8-I8 -> 1020000 | L8: =F8-G8 -> 2098041 | M8: =+'FOLIOS 03'!D29 -> 563730 | N8: =L8-M8 -> 1534311 | O8: =1-N8/F8 -> 0.74556348 | P8: =VLOOKUP(B8,'SIN FINANCIAMIENTO 03'!D:E,2,FALSE) -> 2500000 | Q8: =N8-N8-P8 -> -2500000
B9: 1334 | C9: DEPTO. EJECUTIVO | D9: 170445609 | E9: =+F9-D9 -> 11861792 | F9: 182307401 | G9: 137640828 | H9: =G9/F9 -> 0.75499309 | I9: 112415114 | J9: =I9/F9 -> 0.61662397 | K9: =+G9-I9 -> 25225714 | L9: =F9-G9 -> 44666573 | M9: ='FOLIOS 03'!D34 -> 9005609 | N9: =L9-M9 -> 35660964 | O9: =1-N9/F9 -> 0.80439102 | P9: =VLOOKUP(B9,'SIN FINANCIAMIENTO 03'!D:E,2,FALSE) -> 0 | Q9: =N9-N9-P9 -> 0
B10: 1335 | C10: DEPTO. ABASTECIMIENTO | D10: 1132217982 | E10: =+F10-D10 -> 16609168 | F10: 1148827150 | G10: 757449171 | H10: =G10/F10 -> 0.65932388 | I10: 708782117 | J10: =I10/F10 -> 0.6169615 | K10: =+G10-I10 -> 48667054 | L10: =F10-G10 -> 391377979 | M10: =+'FOLIOS 03'!D47 -> 87571642 | N10: =L10-M10 -> 303806337 | O10: =1-N10/F10 -> 0.73555087 | P10: =VLOOKUP(B10,'SIN FINANCIAMIENTO 03'!D:E,2,FALSE) -> -49822772 | Q10: =N10-N10-P10 -> 49822772
B11: 1336 | C11: DEPTO. SANIDAD | D11: 21018819 | E11: =+F11-D11 -> -588136 | F11: 20430683 | G11: 15535163 | H11: =G11/F11 -> 0.76038393 | I11: 7355066 | J11: =I11/F11 -> 0.36000098 | K11: =+G11-I11 -> 8180097 | L11: =F11-G11 -> 4895520 | M11: ='FOLIOS 03'!D55 -> 3036529 | N11: =L11-M11 -> 1858991 | O11: =1-N11/F11 -> 0.90900985 | P11: =VLOOKUP(B11,'SIN FINANCIAMIENTO 03'!D:E,2,FALSE) -> 1573350 | Q11: =N11-N11-P11 -> -1573350
B12: 1337 | C12: DEPTO. MANT. Y SERVICIO | D12: 354972782 | E12: =+F12-D12 -> 8309619 | F12: 363282401 | G12: 256507028 | H12: =G12/F12 -> 0.70608162 | I12: 183521466 | J12: =I12/F12 -> 0.50517577 | K12: =+G12-I12 -> 72985562 | L12: =F12-G12 -> 106775373 | M12: ='FOLIOS 03'!D69 -> 102486975 | N12: =L12-M12 -> 4288398 | O12: =1-N12/F12 -> 0.98819541 | P12: =VLOOKUP(B12,'SIN FINANCIAMIENTO 03'!D:E,2,FALSE) -> 14687938 | Q12: =N12-N12-P12 -> -14687938
B13: 1338 | C13: BRIGADA | D13: 15935997 | E13: =+F13-D13 -> -2138152 | F13: 13797845 | G13: 13060631 | H13: =G13/F13 -> 0.94657035 | I13: 11781829 | J13: =I13/F13 -> 0.85388907 | K13: =+G13-I13 -> 1278802 | L13: =F13-G13 -> 737214 | M13: =+'FOLIOS 03'!D74 -> 1009410 | N13: =L13-M13 -> -272196 | O13: =1-N13/F13 -> 1.0197274 | P13: =VLOOKUP(B13,'SIN FINANCIAMIENTO 03'!D:E,2,FALSE) -> 6000000 | Q13: =N13-N13-P13 -> -6000000
B14: 1339 | C14: MARINA | D14: 90533036 | E14: =+F14-D14 -> 329634 | F14: 90862670 | G14: 59908199 | H14: =G14/F14 -> 0.65932686 | I14: 49442878 | J14: =I14/F14 -> 0.54414952 | K14: =+G14-I14 -> 10465321 | L14: =F14-G14 -> 30954471 | M14: ='FOLIOS 03'!D82 -> 2262406 | N14: =L14-M14 -> 28692065 | O14: =1-N14/F14 -> 0.68422604 | P14: =VLOOKUP(B14,'SIN FINANCIAMIENTO 03'!D:E,2,FALSE) -> 25050000 | Q14: =N14-N14-P14 -> -25050000
B15: 1340 | C15: DEPTO. ADMISIÓN Y RR.PP. | D15: 43475040 | E15: =+F15-D15 -> -2606625 | F15: 40868415 | G15: 20172031 | H15: =G15/F15 -> 0.49358486 | I15: 18399405 | J15: =I15/F15 -> 0.45021088 | K15: =+G15-I15 -> 1772626 | L15: =F15-G15 -> 20696384 | M15: ='FOLIOS 03'!D90 -> 5680775 | N15: =L15-M15 -> 15015609 | O15: =1-N15/F15 -> 0.63258646 | P15: =VLOOKUP(B15,'SIN FINANCIAMIENTO 03'!D:E,2,FALSE) -> 0 | Q15: =N15-N15-P15 -> 0
B16: 1341 | C16: COMPLEJO DEPORTIVO | D16: 92124226 | E16: =+F16-D16 -> 5108660 | F16: 97232886 | G16: 56959143 | H16: =G16/F16 -> 0.58580122 | I16: 27035160 | J16: =I16/F16 -> 0.27804543 | K16: =+G16-I16 -> 29923983 | L16: =F16-G16 -> 40273743 | M16: =+'FOLIOS 03'!D101 -> 13507204 | N16: =L16-M16 -> 26766539 | O16: =1-N16/F16 -> 0.72471722 | P16: =VLOOKUP(B16,'SIN FINANCIAMIENTO 03'!D:E,2,FALSE) -> 0 | Q16: =N16-N16-P16 -> 0
B17: 1342 | C17: ADMINOGASTO 03 | D17: 236988223 | E17: =+F17-D17 -> -117922408 | F17: 119065815 | G17: 6711715 | H17: =G17/F17 -> 0.05636979 | I17: 6711715 | J17: =I17/F17 -> 0.05636979 | K17: =+G17-I17 -> 0 | L17: =F17-G17 -> 112354100 | M17: =+'FOLIOS 03'!D106 -> 429000 | N17: =L17-M17 -> 111925100 | O17: =1-N17/F17 -> 0.059972839 | P17: =N17*-1+70000000 -> -41925100 | Q17: =N17-N17-P17 -> 41925100
B18: 1343 | C18: INFORMÁTICA | D18: 42712810 | E18: =+F18-D18 -> 7535500 | F18: 50248310 | G18: 43992943 | H18: =G18/F18 -> 0.8755109 | I18: 19374591 | J18: =I18/F18 -> 0.38557697 | K18: =+G18-I18 -> 24618352 | L18: =F18-G18 -> 6255367 | M18: 0 | N18: =L18-M18 -> 6255367 | O18: =1-N18/F18 -> 0.8755109 | P18: =VLOOKUP(B18,'SIN FINANCIAMIENTO 03'!D:E,2,FALSE) -> 20000000 | Q18: =N18-N18-P18 -> -20000000
B19: 1344 | C19: SUBDIRECCIÓN | D19: 38255683 | E19: =+F19-D19 -> -4122875 | F19: 34132808 | G19: 13075465 | H19: =G19/F19 -> 0.38307616 | I19: 8929456 | J19: =I19/F19 -> 0.26160918 | K19: =+G19-I19 -> 4146009 | L19: =F19-G19 -> 21057343 | M19: ='FOLIOS 03'!D113 -> 2581544 | N19: =L19-M19 -> 18475799 | O19: =1-N19/F19 -> 0.4587085 | P19: =VLOOKUP(B19,'SIN FINANCIAMIENTO 03'!D:E,2,FALSE) -> 0 | Q19: =N19-N19-P19 -> 0
B20: 1345 | C20: DIRECCIÓN | D20: 8086755 | E20: =+F20-D20 -> 6398797 | F20: 14485552 | G20: 14485552 | H20: =G20/F20 -> 1 | I20: 13556242 | J20: =I20/F20 -> 0.93584573 | K20: =+G20-I20 -> 929310 | L20: =F20-G20 -> 0 | M20: ='FOLIOS 03'!D119 -> 2459770 | N20: =L20-M20 -> -2459770 | O20: =1-N20/F20 -> 1.1698085 | P20: =VLOOKUP(B20,'SIN FINANCIAMIENTO 03'!D:E,2,FALSE) -> 5909785 | Q20: =N20-N20-P20 -> -5909785
B21: 1349 | C21: SERVICIOS DE BIENESTAR | D21: 20594102 | E21: =+F21-D21 -> 5682389 | F21: 26276491 | G21: 26276482 | H21: =G21/F21 -> 0.99999966 | I21: 14825463 | J21: =I21/F21 -> 0.56421015 | K21: =+G21-I21 -> 11451019 | L21: =F21-G21 -> 9 | M21: 0 | N21: =L21-M21 -> 9 | O21: =1-N21/F21 -> 0.99999966 | P21: =VLOOKUP(B21,'SIN FINANCIAMIENTO 03'!D:E,2,FALSE) -> 0 | Q21: =N21-N21-P21 -> 0
C22: TOTAL PRESUPUESTO CF 03 | D22: =SUM(D6:D21) -> 3215961503 | E22: =SUM(E6:E21) -> 0 | F22: =SUM(F6:F21) -> 3215961503 | G22: =SUM(G6:G21) -> 2243041263 | H22: =G22/F22 -> 0.69747143 | I22: =SUM(I6:I21) -> 1671936271 | J22: =I22/F22 -> 0.5198869 | K22: =SUM(K6:K21) -> 571104992 | L22: =SUM(L6:L21) -> 972920240 | M22: =SUM(M6:M21) -> 434130323 | N22: =SUM(N6:N21) -> 538789917 | O22: =1-N22/F22 -> 0.83246382 | P22: =SUM(P6:P21) -> -16026799 | Q22: =SUM(Q6:Q21) -> 16026799
B24: CENFIN 10
B25: UU.EE. | C25: NOMBRE | D25: PRESUPUESTO INICIAL | E25: AUMENTOS Y DISMINUCIONES | F25: PRESUPUESTO VIGENTE | G25: OBLIGADO CGU | H25: % OBLIG. | I25: DEVENGADO CGU | J25: % DEV. | K25: POR DEVENGAR | L25: SALDO DISPONIBLE POR OBLIGAR CGU | M25: PROCESOS CON FOLIO RESERVADO | N25: RECURSOS DISPONIBLES | O25: AVANCE TOTAL | P25: NECESIDADES SIN FINANCIAMIENTO | Q25: SALDO PROYECTADO
B26: 1332 | C26: DEPTO. EDUCACIÓN | D26: 204445304 | E26: =+F26-D26 -> 447520 | F26: 204892824 | G26: 163174440 | H26: =G26/F26 -> 0.79638924 | I26: 94426624 | J26: =I26/F26 -> 0.46085862 | K26: =+G26-I26 -> 68747816 | L26: =F26-G26 -> 41718384 | M26: ='FOLIOS 10'!D8 -> 5982611 | N26: =L26-M26 -> 35735773 | O26: =1-N26/F26 -> 0.82558797 | P26: =VLOOKUP(B26,'SIN FINANCIAMIENTO 10'!D:E,2,FALSE) -> 17728530 | Q26: =N26-P26 -> 18007243
B27: 1346 | C27: ACTIVIDADES FÍSICAS | D27: 92597591 | E27: =+F27-D27 -> 0 | F27: 92597591 | G27: 40485032 | H27: =G27/F27 -> 0.43721474 | I27: 35754249 | J27: =I27/F27 -> 0.38612505 | K27: =+G27-I27 -> 4730783 | L27: =F27-G27 -> 52112559 | M27: ='FOLIOS 10'!D16 -> 15883604 | N27: =L27-M27 -> 36228955 | O27: =1-N27/F27 -> 0.60874841 | P27: =VLOOKUP(B27,'SIN FINANCIAMIENTO 10'!D:E,2,FALSE) -> 55997599 | Q27: =N27-P27 -> -19768644
B28: 1347 | C28: ACTIVIDADES PROFESIONALES | D28: 90687529 | E28: =+F28-D28 -> -1773117 | F28: 88914412 | G28: 66052817 | H28: =G28/F28 -> 0.74288088 | I28: 63200993 | J28: =I28/F28 -> 0.71080707 | K28: =+G28-I28 -> 2851824 | L28: =F28-G28 -> 22861595 | M28: ='FOLIOS 10'!D24 -> 10887532 | N28: =L28-M28 -> 11974063 | O28: =1-N28/F28 -> 0.86533046 | P28: =VLOOKUP(B28,'SIN FINANCIAMIENTO 10'!D:E,2,FALSE) -> 4304638 | Q28: =N28-P28 -> 7669425
B29: 1348 | C29: ACTIVIDADES MILITARES | D29: 3166000 | E29: =+F29-D29 -> 0 | F29: 3166000 | G29: 3061333 | H29: =G29/F29 -> 0.9669403 | I29: 0 | J29: =I29/F29 -> 0 | K29: =+G29-I29 -> 3061333 | L29: =F29-G29 -> 104667 | M29: 0 | N29: =L29-M29 -> 104667 | O29: =1-N29/F29 -> 0.9669403 | P29: =VLOOKUP(B29,'SIN FINANCIAMIENTO 10'!D:E,2,FALSE) -> 0 | Q29: =N29-P29 -> 104667
B30: 1350 | C30: ACTIVIDADES ACADÉMICAS | D30: 46288020 | E30: =+F30-D30 -> -2907416 | F30: 43380604 | G30: 20359512 | H30: =G30/F30 -> 0.46932293 | I30: 15210365 | J30: =I30/F30 -> 0.35062594 | K30: =+G30-I30 -> 5149147 | L30: =F30-G30 -> 23021092 | M30: ='FOLIOS 10'!D39 -> 7022813 | N30: =L30-M30 -> 15998279 | O30: =1-N30/F30 -> 0.63121124 | P30: =VLOOKUP(B30,'SIN FINANCIAMIENTO 10'!D:E,2,FALSE) -> 20225494 | Q30: =N30-P30 -> -4227215
B31: 1351 | C31: ALIMENTACIÓN | D31: 545864279 | E31: =+F31-D31 -> 4233013 | F31: 550097292 | G31: 459914639 | H31: =G31/F31 -> 0.83606054 | I31: 377592639 | J31: =I31/F31 -> 0.68641065 | K31: =+G31-I31 -> 82322000 | L31: =F31-G31 -> 90182653 | M31: ='FOLIOS 10'!D66 -> 107007626 | N31: =L31-M31 -> -16824973 | O31: =1-N31/F31 -> 1.0305854 | P31: =VLOOKUP(B31,'SIN FINANCIAMIENTO 10'!D:E,2,FALSE) -> 30027783 | Q31: =N31-P31 -> -46852756
B32: 1353 | C32: ADMINOGASTO 10 | D32: 276765629 | E32: =+F32-D32 -> 0 | F32: 276765629 | G32: 1273288 | H32: =G32/F32 -> 0.0046006002 | I32: 1273288 | J32: =I32/F32 -> 0.0046006002 | K32: =+G32-I32 -> 0 | L32: =F32-G32 -> 275492341 | M32: 0 | N32: =L32-M32 -> 275492341 | O32: =1-N32/F32 -> 0.0046006002 | P32: 275492341 | Q32: =N32-P32 -> 0
C33: TOTAL PRESUPUESTO CF 10 | D33: =SUM(D26:D32) -> 1259814352 | E33: =SUM(E26:E32) -> 0 | F33: =SUM(F26:F32) -> 1259814352 | G33: =SUM(G26:G32) -> 754321061 | H33: =G33/F33 -> 0.59875573 | I33: =SUM(I26:I32) -> 587458158 | J33: =I33/F33 -> 0.46630534 | K33: =SUM(K26:K32) -> 166862903 | L33: =SUM(L26:L32) -> 505493291 | M33: =SUM(M26:M32) -> 146784186 | N33: =SUM(N26:N32) -> 358709105 | O33: =1-N33/F33 -> 0.71526828 | P33: =SUM(P26:P32) -> 403776385 | Q33: =N33-P33 -> -45067280
C35: NOMBRE | D35: PRESUPUESTO INICIAL | E35: AUMENTOS Y DISMINUCIONES | F35: PRESUPUESTO VIGENTE | G35: OBLIGADO CGU | H35: % OBLIG. | I35: DEVENGADO CGU | J35: % DEV. | K35: POR DEVENGAR | L35: SALDO DISPONIBLE POR OBLIGAR CGU | M35: PROCESOS CON FOLIO RESERVADO | N35: RECURSOS DISPONIBLES | O35: AVANCE TOTAL | P35: NECESIDADES SIN FINANCIAMIENTO | Q35: SALDO PROYECTADO
C36: TOTAL CONSOLIDADO 2025 | D36: =D33+D22 -> 4475775855 | E36: =E33+E22 -> 0 | F36: =F33+F22 -> 4475775855 | G36: =G33+G22 -> 2997362324 | H36: =G36/F36 -> 0.66968553 | I36: =I33+I22 -> 2259394429 | J36: =I36/F36 -> 0.50480509 | K36: =K33+K22 -> 737967895 | L36: =L33+L22 -> 1478413531 | M36: =M33+M22 -> 580914509 | N36: =N33+N22 -> 897499022 | O36: =1-N36/F36 -> 0.79947633 | P36: =P33+P22 -> 387749586 | Q36: =Q33+Q22 -> -29040481
C37: CON ESPACIO DE GASTO | D37: =D36 -> 4475775855 | E37: =3300000000+E36-D36+D6 -> -878781362 | F37: =D37+E37 -> 3596994493 | G37: =G36 -> 2997362324 | H37: =G37/F37 -> 0.83329633 | I37: =I36 -> 2259394429 | J37: =I37/F37 -> 0.62813397 | K37: =K36 -> 737967895 | L37: =F37-G37 -> 599632169 | M37: =M36 -> 580914509 | N37: =L37-M37 -> 18717660 | O37: =1-N37/F37 -> 0.99479631 | P37: =P36-F38 -> 1266530948 | Q37: =N37-N37-P37 -> -1266530948
F38: =F37-F36 -> -878781362 | Q38: =N38-N38-P38 -> 0
C39: DIFERENCIAS | D39: =D37-D36 -> 0 | E39: =E37-E36 -> -878781362 | F39: =F37-F36 -> -878781362 | G39: =G37-G36 -> 0 | H39: =H37-H36 -> 0.1636108 | I39: =I37-I36 -> 0 | J39: =J37-J36 -> 0.12332888 | K39: =K37-K36 -> 0 | ... O39: =O37-O36 -> 0.19531998 | P39: =P37 -> 1266530948 | Q39: =N39-N39-P39 -> -1266530948
I41: NECESIDADES PRIORITARIAS | L41: =L31+L7+L10+L12+L26 -> 820729387
I42: SALDO | L42: =L37-L41 -> -221097218

Sheet SIN FINANCIAMIENTO 10
A2: PENDIENTE POR OBLIGAR
A4: CENFIN 10
A5: UUEE | B5: NOMBRE | C5: NECESIDAD | E5: MONTO | G5: IMPLICANCIA / DETALLE
A6: 1332 | B6: =VLOOKUP(A6,'[1]PPTO 2025 CGU'!B:C,2,FALSE) -> DEPTO. EDUCACIÓN | C6: REVISTA ANCLAS 05-181-08 | F6: 3000000 | G6: No se entregarían revistas anclas
C7: Academia Cultural 03-309-14 | E7: 4000000 | G7: Se disponibilizan más de 10.000.000 con ahorro al ocupar la Santa María para academia cultural, en caso de eliminar la Academia cultural, se sugiere al menos manter la operación de círculos
C8: Operación circulos 03-309-14 | E8: 2720000 | G8: Se disponibilizan más de 10.000.000 con ahorro al ocupar la Santa María para academia cultural, en caso de eliminar la Academia cultural, se sugiere al menos manter la operación de círculos
C9: Estadísticas 01-121-1X | E9: 517520 | G9: Compra de libros de castigo 2o semestre y primer semestre 2026 | L9: FOLIO 487 $495.000
C10: FOFI Educación | E10: 3485923
C11: Simulador de Navegación | E11: 1700000
C12: Sost. Educación 01-151-E1 | G12: Premios y gastos ceremonia premiación de Guardiamarinas | L12: FOLIO 525 $1.019.340
C13: Sost. Educación 01-104-R1 | F13: 2042385 | G13: Medallas y trofeos Caupolicán
C14: Sost. Educación | E14: 5305087 | G14: Se disponibilizan10.000.000 y se mantiene el resto para pagar el CBA 2026 y gastos de depto de educación
C15: SUBTOTAL | D15: =A6 -> 1332 | E15: =SUM(E6:E14) -> 17728530 | F15: =SUM(F6:F14) -> 5042385
C16: TOTAL | E16: =E15+F15 -> 22770915
A18: 1346 | B18: =VLOOKUP(A18,'[1]PPTO 2025 CGU'!B:C,2,FALSE) -> ACTIVIDADES FÍSICAS | C18: FOFI ACTIVIDADES FISICAS | E18: 1934197
C19: Interescuelas 05-104-2S | E19: 23364124 | G19: Se utiliza para ejecuciíon de interescuelas, años anteriores ha sido necesario suplementar
C20: SELECCIONADO DE ATLETISMO COMPETENCIAS | E20: 3000000 | G20: Renovación de equipamiento para interescuela y movilización
C21: SELECCIONADO DE BASQUETBOL COMPETENCIAS | E21: 1500000
C22: SELECCIONADO DE BOGA | E22: 4102295
C23: SELECCIONADO DE ESGRIMA COMPETENCIAS | E23: 1000000 | G23: Renovación de equipos (faltan recursos para lo necesario)
C24: SELECCIONADO DE FÚTBOL COMPETENCIAS | E24: 600000 | G24: Renovar implementos y pagar arbitrajes
C25: SELECCIONADO DE JUDO COMPETENCIAS | E25: 705000 | G25: Renovar implementos
C26: SELECCIONADO DE NATACIÓN COMPETENCIAS | E26: 2790000
C27: SELECCIONADO DE O.T.COMPETENCIAS | E27: 4691032 | G27: Pago cancha interescuela y competencia Cochamó (compromiso director)
C28: SELECCIONADO DE PENTATLON COMPETENCIAS | E28: 1870124 | G28: Movilización semanal para entrenamiento en Santiago
C29: SELECCIONADO DE RUGBY COMPETENCIAS | E29: 1960369 | G29: arriendo cancha las salinas y Cuadrangular de rugby (nueva tarea, posiblemente se requieran más recursos)
C30: SELECCIONADO DE TENIS COMPETENCIAS | E30: 851450
C31: SELECCIONADO DE TIRO A BLANCO COMPETENCIAS | E31: 1545000 | G31: Pago entrenamientos en Santiago
C32: SELECCIONADO DE TRIATLÓN COMPETENCIAS | E32: 3845000 | G32: Pago siguientes competencias: Duatlón Quillota, Topman Concón y Ironman Vladivia
C33: SELECCIONADO DE VELA COMPETENCIAS | E33: 1114008
C34: SELECCIONADO DE VOLEYBOL COMPETENCIAS | E34: 1125000
C35: SUBTOTAL | D35: =A18 -> 1346 | E35: =SUM(E18:E34) -> 55997599 | F35: =SUM(F18:F34) -> 0
C36: TOTAL | E36: =E35+F35 -> 55997599
A38: 1347 | B38: =VLOOKUP(A38,'[1]PPTO 2025 CGU'!B:C,2,FALSE) -> ACTIVIDADES PROFESIONALES | C38: Prácticas profesionales período académico 03-309-G2 | F38: 932371
C39: Campaña Escalafón IM. 03-309-G2 | E39: 726135 | G39: Ejecución de campaña segundo semestre 2025 área Concón
C40: Curso Fusileros 2° año | F40: 7715550 | G40: ejecución curso de fusileros 2026
C41: Intercambio Cadete Ejecutivo (USNA) 03-309-G2 | G41: FORE de intercambio USN | I41: FORE ID 5886 $4.8750.000
C42: RAID COSTERO N° 1,2 Y 3 | E42: 3578503 | G42: Raid a ejecutarse entre mediados de noviembre y febrero
C43: SUBTOTAL | D43: =A38 -> 1347 | E43: =SUM(E38:E42) -> 4304638 | F43: =SUM(F38:F42) -> 8647921
C44: TOTAL | E44: =E43+F43 -> 12952559
A46: 1348 | B46: =VLOOKUP(A46,'[1]PPTO 2025 CGU'!B:C,2,FALSE) -> ACTIVIDADES MILITARES | C46: Actividades Militares 05-151-7P | G46: Partida de avanzada y gastos parada militar FOLIO 520 $3.061.333
C47: SUBTOTAL | D47: =A46 -> 1348 | E47: =SUM(E46) -> 0 | F47: =SUM(F46) -> 0
C48: TOTAL | E48: =E47+F47 -> 0
A50: 1350 | B50: =VLOOKUP(A50,'[1]PPTO 2025 CGU'!B:C,2,FALSE) -> ACTIVIDADES ACADÉMICAS | C50: Actividades Academicas 03-309-G2 | E50: 2601751 | G50: Inscripciones deportivas curso patrón de yates, materiales y operación de actividades académicas
C51: Biblioteca control de inventarios 03-314-2B | E51: 8800113 | G51: Textos guía solicitados DIREDUCARM, lecturas obligatorias nivel Armada, fomento del lector. Remanentes serán utilizados para aquisición de materiales reparación de biblioteca
C52: Biblioteca Cursos e inscripciones 03-308-F8 | F52: 648000
C53: Biblioteca Mant sistemas computacionales 02-455-EK | E53: 2600000 | G53: Se disponibilizan 2.000.000, lo que queda es para plan de renovación computacional y compra deshumificadores para poder mantener la colección histórica.
C54: Biblioteca Operación de la repartición 01-121-1X | E54: 1571250 | G54: Compra de materiales e insumos básicos de operación y catalogamiento, sensores para los libros
C55: Biblioteca Seminarios 03-309-14 | F55: 641658
C56: Biblioteca Servicio de aseo | E56: 700000 | G56: Se disponibilizan más de 400.000
C57: Pañol Ayudas a Educación 01-122-CP | E57: 2727700 | G57: Renovación de proyectores pabellón de 4o año y parte de tercer año, mantención de verano a puertas y salas de clases, renovación de cortinas y mobiliario, recuperación estudio 7
C58: Pañol Ayudas a Educación 01-444-MB | E58: 1224680 | G58: Renovación de proyectores pabellón de 4o año y parte de tercer año, mantención de verano a puertas y salas de clases, renovación de cortinas y mobiliario, recuperación estudio 8
C59: SUBTOTAL | D59: =A50 -> 1350 | E59: =SUM(E50:E58) -> 20225494 | F59: =SUM(F50:F58) -> 1289658
C60: TOTAL | E60: =E59+F59 -> 21515152
A64: 1351 | B64: =VLOOKUP(A64,'[1]PPTO 2025 CGU'!B:C,2,FALSE) -> ALIMENTACIÓN | C64: ALIMENTACIÓN ANUAL | E64: 30027783
C66: SUBTOTAL
C67: TOTAL | D67: =A64 -> 1351 | E67: =SUM(E64:E66) -> 30027783
A72: TOTAL | E72: =E64+F32+E26+E1+E21+E29 -> 36278152

Sheet SIN FINANCIAMIENTO 03
A2: NECESIDADES SIN FINANCIAMIENTO
A4: CENFIN 03
A5: UUEE | B5: NOMBRE | C5: NECESIDAD | E5: MONTO
A6: 1331 | B6: =VLOOKUP(A6,'[1]PPTO 2025 CGU'!B:C,2,FALSE) -> CAPITAL ESNAVAL
C7: TOTAL | D7: =A6 -> 1331 | E7: =E6 -> 0
A9: 1333 | B9: =VLOOKUP(A9,'[1]PPTO 2025 CGU'!B:C,2,FALSE) -> CONTROL DE GESTIÓN | C9: TECHO ACCESO MUSEO | E9: 2500000 | F9: OK
C10: TOTAL | D10: =A9 -> 1333 | E10: =E9 -> 2500000
A12: 1334 | B12: =VLOOKUP(A12,'[1]PPTO 2025 CGU'!B:C,2,FALSE) -> DEPTO. EJECUTIVO
C13: TOTAL | D13: =A12 -> 1334 | E13: =E12 -> 0
A15: 1335 | B15: =VLOOKUP(A15,'[1]PPTO 2025 CGU'!B:C,2,FALSE) -> DEPTO. ABASTECIMIENTO | C15: DISPONIBILIZACIÓN CONSUMOS BÁSICOS | E15: =-29822772 -> -29822772
C16: ASIGNACION DOCENTE
C17: DISPONIBILIZACIÓN ST-29 | E17: -20000000
C18: DISPONIBILIZACION CONSUMOS BASICOS | F18: -290833200 | G18: PAGAR CON AFL
C19: TOTAL | D19: =A15 -> 1335 | E19: =SUM(E15:E18) -> -49822772
A21: 1336 | B21: =VLOOKUP(A21,'[1]PPTO 2025 CGU'!B:C,2,FALSE) -> DEPTO. SANIDAD | C21: RECAMBIO EQUIPO,VITRINA FARMACOS, BATERIA LIFEPACK | E21: 1573350 | F21: OK
C22: PAÑOL DE CONSUMO | E22: 0 | F22: 2060082
C23: TOTAL | D23: =A21 -> 1336 | E23: =SUM(E21:E22) -> 1573350
A25: 1337 | B25: =VLOOKUP(A25,'[1]PPTO 2025 CGU'!B:C,2,FALSE) -> DEPTO. MANT. Y SERVICIO | C25: DÉFICIT FUNCIONAMIENTO ANUAL | E25: =11387938+3300000 -> 14687938 | F25: OK (RACIONALIZAR)
C26: MANTENIMIENTO PARQUE SOLAR (15 POSTES) | F26: OK (CORTE MITAD)
C27: GUILLOTINA IMPRENTA | F27: OK
C28: TRACTOR CORTA CÉSPED | F28: OK
C29: ACTIVACIÓN CARPINTERÍA | F29: OK (CORTE MITAD)
C30: CALIBRACIÓN CALDERA | E30: 0 | F30: 750000
C31: ACCESIBILIDAD UNIVERSAL | E31: 0 | F31: 12601980
C32: TOTAL | D32: =A25 -> 1337 | E32: =SUM(E25:E31) -> 14687938
A35: 1338 | B35: =VLOOKUP(A35,'[1]PPTO 2025 CGU'!B:C,2,FALSE) -> BRIGADA | C35: MANTENIMIENTO INSTRUMENTOS | E35: 0 | F35: 8000000 | G35: PRIZONA
C36: INSUMOS ENTREPUENTES FEMENINO Y MASCULINO G.M. | E36: 6000000 | F36: OK (CORTE MITAD)
C37: TOTAL | D37: =A35 -> 1338 | E37: =SUM(E35:E36) -> 6000000
A39: 1339 | B39: =VLOOKUP(A39,'[1]PPTO 2025 CGU'!B:C,2,FALSE) -> MARINA | C39: PINTADO FOGONAZO | E39: 4500000 | F39: OK
C40: CABLE VELETA CALEUCHE | E40: 550000 | F40: OK
C41: VELAS FOGONAZO | E41: 20000000 | F41: =67000000-E41 -> 47000000 | G41: AUSPICIO Y DONACIONES | I41: 20000000
C42: TOTAL | D42: =A39 -> 1339 | E42: =SUM(E39:E41) -> 25050000
A45: 1340 | B45: =VLOOKUP(A45,'[1]PPTO 2025 CGU'!B:C,2,FALSE) -> DEPTO. ADMISIÓN Y RR.PP. | C45: STAND DE PROMOCIÓN MODERNIZAR | F45: 800000
C46: TELEVISOR 70" | F46: 750000
C47: CÁMARA FOTOGRÁFICA | F47: 3800000
C48: TOTAL | D48: =A45 -> 1340 | E48: =SUM(E45:E47) -> 0
A50: 1341 | B50: =VLOOKUP(A50,'[1]PPTO 2025 CGU'!B:C,2,FALSE) -> COMPLEJO DEPORTIVO | C50: COMBUSTIBLE HABIVAL P.
C51: TOTAL | D51: =A50 -> 1341 | E51: =E50 -> 0
A54: 1343 | B54: =VLOOKUP(A54,'[1]PPTO 2025 CGU'!B:C,2,FALSE) -> INFORMÁTICA | C54: CAMBIO PISO | E54: 5000000 | F54: OK
C55: ACCESO ENLACE | E55: 15000000 | F55: 43000000
C56: TOTAL | D56: =A54 -> 1343 | E56: =SUM(E54:E55) -> 20000000
A58: 1344 | B58: =VLOOKUP(A58,'[1]PPTO 2025 CGU'!B:C,2,FALSE) -> SUBDIRECCIÓN
C59: TOTAL | D59: =A58 -> 1344 | E59: =E58 -> 0
A62: 1345 | B62: =VLOOKUP(A62,'[1]PPTO 2025 CGU'!B:C,2,FALSE) -> DIRECCIÓN | C62: FOFI CASA 1 | E62: 3000000 | F62: OK
C63: INCENTIVOS PROTOCOLARES | E63: 2909785 | F63: OK
C64: TOTAL | D64: =A62 -> 1345 | E64: =SUM(E62:E63) -> 5909785
A66: 1349 | B66: =VLOOKUP(A66,'[1]PPTO 2025 CGU'!B:C,2,FALSE) -> SERVICIOS DE BIENESTAR
C67: TOTAL | D67: =A66 -> 1349 | E67: =SUM(E66) -> 0
A70: TOTAL NECESIDADES SIN FINANCIAMIENTO | E70: =E67+E64+E59+E56+E51+E42+E37+E32+E23+E13+E10+E7 -> 75721073

Sheet FOLIOS 03
A1: PROCESOS CON FOLIOS RESERVADOS CF. 03
A3: UUEE | B3: 1320 | C3: ABASTECIMIENTO (CAPITAL)
A4: Folio | B4: OBJETIVO | C4: ENCARGADO | D4: Monto
B5: OTROS DEVENGOS | D5: 103125
A6: TOTAL | D6: =SUM(D5) -> 103125
A8: UUEE | B8: 1331 | C8: ABASTECIMIENTO (CAPITAL)
A9: Folio | B9: OBJETIVO | C9: ENCARGADO | D9: Monto
A10: 306 | B10: ADQUISICION DE VESTUARIO CADETES EQUIPO INICIAL AÑO 2026. PROPACA 109930 | C10: Miguel Gonzalez | D10: 41945000
A11: 380 | B11: ADQUSICION VESTUARIO DE ROPERIA PARA CADETES NAVALES, CORRESPONDIENTE AL EQUIPO INICIAL CADETES PRIMER AÑO 2026. PROPACA 109930. | C11: Miguel Gonzalez | D11: =(30588250-1041250) -> 29547000
A12: 382 | B12: ADQUISICION DE ACCESORIOS MILITARES PARA CADETE NAVAL, CORRESPONDIENTE AL EQUIPO INICIAL CADETES PRIMER AÑO 2026. PROPACA 109930. | C12: Miguel Gonzalez | D12: 4813250
A13: 393 | B13: ADQUISICION DE AMBO PIXEL PARA CUERPO DE CADETES PROPACA 109930 | C13: DAVID POBLETE ROJAS | D13: 27364050
A14: 406 | B14: ADQUISICION DE TENIDA PIXEL EQUIPO CUERPO DE CADETES 2026 PROPACA 109930 | C14: DAVID POBLETE ROJAS | D14: 24500000
A15: 412 | B15: ADQUISICION DE VESTUARIO EQUIPO INICIAL CADETES PRIMER AÑO 2026. PROPACA 109930. | C15: Miguel Gonzalez | D15: 7507500
A16: 435 | B16: ADQUISICION DE ACCESORIOS FEMENINOS EQUIPO INICIAL 2026 PROPACA 109930 | C16: DAVID POBLETE ROJAS | D16: 3812750
A17: 491 | B17: ADQUISICION DE ARTICULOS FEMENINOS PARA CADETES 2026 PROPACA 109930 | C17: DAVID POBLETE ROJAS | D17: 2520000
A18: 495 | B18: ADQUISICION EQUIPO INICIAL CADETES PRIMER AÑO 2026. PROPACA 109930. | C18: Miguel Gonzalez | D18: 3570000
A19: 517 | B19: REPOSICION PAÑOL DE CONSUMO | C19: Karina Guzman | D19: 6000000
A20: 549 | B20: REPOSICION STOCK SALA VENTA CADETES, DESFILE 18-19 SEPTIEMBRE 2005. PROPACA 109930 | C20: DAVID POBLETE ROJAS | D20: 2075000
B21: OTROS DEVENGOS | D21: 49778054
A22: TOTAL | D22: =SUM(D10:D21) -> 203432604
A26: UUEE | B26: 1333 | C26: DEPTO CONGES
A27: Folio | B27: OBJETIVO | C27: ENCARGADO | D27: Monto
B28: OTROS DEVENGOS | D28: 563730
A29: TOTAL | D29: =SUM(D28:D28) -> 563730
A31: UUEE | B31: 1334 | C31: DEPTO EJECUTIVO
A32: Folio | B32: OBJETIVO | C32: ENCARGADO | D32: Monto
B33: OTROS DEVENGOS | D33: 9005609
A34: TOTAL | D34: =SUM(D33:D33) -> 9005609
A39: UUEE | B39: 1335 | C39: ABASTECIMIENTO
A40: Folio | B40: OBJETIVO | C40: ENCARGADO | D40: Monto
A41: 530 | B41: PAGO MENSUALES ARRIENDO IMPRESORAS DIMACOFI | C41: VILMA MUÑOZ | D41: =(19000000-3918555) -> 15081445
A42: 486 | B42: PAGO TELEFONIA MOVIL, TELEFONOS DEL SERVICIO, CONTRATO YA EFECTUADO, FOLIO PARA REGULARIZAR | C42: VILMA MUÑOZ | D42: =(127020-42340-21170-21170) -> 42340
A43: 64 | B43: REPOSTERO DE CADETES Y OFICINA MAYORDOMO GENERAL | C43: MAURICIO GONZALEZ VALLADOLID | D43: 679920
B44: CENFIN 10 | D44: 12819172
A45: 210 | B45: REPARACION DE LAVADORA Y SECADORA ENTREPUENTE DE CADETES | C45: RODRIGO FUENTES | D45: 700000
B46: OTROS DEVENGOS | D46: =58248765 -> 58248765
A47: TOTAL | D47: =SUM(D41:D46) -> 87571642
A51: UUEE | B51: 1336 | C51: SANIDAD
A52: 421 | B52: INSUMOS ORTÓPEDICOS E INSUMOS MÉDICOS PARA CADETES | C52: NICOLÁS ARAVENA ALBA | D52: 1678190
A53: 561 | B53: PAGO MANTENIMIENTO EQUIPOS MEDICOS A HOSPVIÑA, COD. PROPACA 63770 | C53: Diego RAMOS ESPINOZA | D53: 433339
B54: OTROS DEVENGOS | D54: 925000
A55: TOTAL | D55: =SUM(D52:D54) -> 3036529
A57: UUEE | B57: 1337 | C57: DEPTO. MANT. Y SERVICIO
A58: Folio | B58: OBJETIVO | C58: ENCARGADO | D58: Monto
A59: 511 | B59: COMPRA MATERIALES PARA MUEBLES DE TRINCA DE EQUIPO DEL REGIMIENTO DE PRESENTACION (SALA DE ARMAS) | C59: Marcelo Riveros Vega | D59: 4607950
A60: 293 | B60: COMPRA DE HERRAMIENTAS PARA TALLER DE CARPINTERIA DE LA ESCUELA NAVAL. | C60: Marcelo Riveros Vega | D60: 7339566
A61: 471 | B61: TRATO DIRECTO POR IMPREVISTO ,REPARACION TECHO COMPLEJO DEPORTIVO SECTOR GIMNASIO. | C61: Marcelo Riveros Vega | D61: 13860483
A62: 481 | B62: CONTRATACION DE EMPRESA EXTERNA PARA REALIZAR TRABAJOS EN BIBLIOTECA DE LA ESCUELA NAVAL. | C62: Marcelo Riveros Vega | D62: 43690404
A63: 482 | B63: CONTRATACION DE EMPRESA PARA TRABAJOS EN SALAS DE ESTUDIOS DE LA ESCUELA NAVAL | C63: Marcelo Riveros Vega | D63: 25600000
A64: 494 | B64: CONTRATAR EMPREZA EXTERNA PARA QUE EFECTUE MANTENCION DE INTERCAMBIADORES DE CALOR DE LA ESCUELA NAVAL. | C64: Marcelo Riveros Vega | D64: 899640
A65: 498 | B65: COMPRA DE SAL PARA ABLANDADORES DE CALDERAS PRINCIPALES DE LA ESCUELA NAVAL. | C65: Marcelo Riveros Vega | D65: =(528000-282744) -> 245256
A66: 513 | B66: COMPRA DE EQUIPOS DE JARDINERIA PARA LA ESCUELA NAVAL. | C66: Marcelo Riveros Vega | D66: 1557802
A67: 533 | B67: HABILITAR AGUA FRIA EN COMPLEJO DEPORTIVO | C67: Marcelo Riveros Vega | D67: 4772108
B68: OTROS DEVENGOS | D68: -86234
C69: TOTAL | D69: =SUM(D59:D68) -> 102486975
A71: UUEE | B71: 1338 | C71: BRIGADA
A72: Folio | B72: OBJETIVO | C72: ENCARGADO | D72: Monto
B73: OTROS DEVENGOS | D73: 1009410
C74: TOTAL | D74: =SUM(D73:D73) -> 1009410
A78: UUEE | B78: 1339 | C78: MARINA
A79: Folio | B79: OBJETIVO | C79: ENCARGADO | D79: Monto
A80: 497 | B80: RETIRAR FOSA SEPTICA CASA DE BOTES | C80: ROLANDO RUBIO FLORES | D80: 943866
B81: OTROS DEVENGOS | D81: 1318540
C82: TOTAL | D82: =SUM(D80:D81) -> 2262406
A86: UUEE | B86: 1340 | C86: ADMISION
A87: Folio | B87: OBJETIVO | C87: ENCARGADO | D87: Monto
A88: 550 | B88: PROCESO DE ADMISIÓN 2026, TOMA EXÁMENES Y ENTREVISTAS SEDES | C88: Jorge Constenla | D88: 4505956
B89: OTROS DEVENGOS | D89: 1174819
C90: TOTAL | D90: =SUM(D88:D89) -> 5680775
A92: UUEE | B92: 1341 | C92: COMPLEJO DEPORTIVO
A93: 516 | B93: IMPLEMENTOS PARA PERSONAL COMPLEJO DEPORTIVO | C93: ADRIÁN BURGOS CARRERA | D93: =(599850-507476) -> 92374
A94: 528 | B94: IMPLEMENTOS PARA PAÑOL DE DEPORTES DE CADETES | C94: ADRIÁN BURGOS CARRERA | D94: 2430690
A95: 551 | B95: Adquirir chalecos salvavidas para los distintos modelos de embarcaciones menores, para uso de cadetes | C95: ADRIÁN BURGOS CARRERA | D95: 3119225
A96: 559 | B96: Mantención de maquinas de ejercicios remadoras marca CONCEP2, para uso de cadetes | C96: ADRIÁN BURGOS CARRERA | D96: 2951200
A97: 553 | B97: CAPACITACIÓN PARA INSTRUCTOR DE BUCEO DE CADETES | C97: ADRIÁN BURGOS CARRERA | D97: 321300
A98: 527 | B98: CAMBIO TABLERO ELÉCTRICO MULTICANCHAS INTERIORES | C98: ADRIÁN BURGOS CARRERA | D98: 670000
A99: 526 | B99: QUIMICOS PARA PISCINA COMPLEJO DEPORTIVO | C99: ADRIÁN BURGOS CARRERA | D99: 2910980
B100: OTROS DEVENGOS | D100: 1011435
C101: TOTAL | D101: =SUM(D93:D100) -> 13507204
A103: UUEE | B103: 1342 | C103: ADMINOGASTO
A104: Folio | B104: Encargado | C104: Objetivo | D104: Monto
B105: OTROS DEVENGOS | D105: 429000
C106: TOTAL | D106: =SUM(D105) -> 429000
A109: UUEE | B109: 1344 | C109: SUBDIRECCION
A110: Folio | B110: Encargado | C110: Objetivo | D110: Monto
A111: 524 | B111: PARTICIPAR CON OFICIAL Y CADETES EN REGATA DE VELA BRASIL. | C111: Alejandra Collao | D111: 2200000
B112: OTROS DEVENGOS | D112: 381544
C113: TOTAL | D113: =SUM(D111:D112) -> 2581544
A115: UUEE | B115: 1345 | C115: DIRECCION
A116: Folio | B116: Encargado | C116: Objetivo | D116: Monto
A117: 563 | B117: ADQUISIÓN DE INCENTIVOS | C117: Alejandra Collao | D117: 1963500
B118: OTROS DEVENGOS | D118: 496270
C119: TOTAL | D119: =SUM(D117:D118) -> 2459770
A123: UUEE | B123: CF 10 | C123: ASIGNACION ALUMNO
A124: Folio | B124: Encargado | C124: Objetivo | D124: Monto
B125: OTROS DEVENGOS CF 10 | D125: 12819172
C126: TOTAL | D126: =SUM(D125) -> 12819172
D128: =D22+D34+D47+D55+D69+D82+D90+D101+D106+D113+D119+D6+D29+D74 -> 434130323

Sheet FOLIOS 10
A1: PROCESOS CON FOLIOS RESERVADOS CF. 10
A3: UUEE | B3: 1332 | C3: EDUCACION
A4: Folio | B4: OBJETIVO | C4: ENCARGADO | D4: Monto
A5: 474 | B5: TRASLADO DE SELECCIONADO DE CADETES, SEGÚN CONTRATO VIGENTE. | C5: NICOLAS AROS ALVARADO | D5: 120000
A6: 525 | B6: ADQUIRIR PREMIOS PARA CADETES POR MOTIVOS ACADÉMICOS. (FF ASIGNACIÓN ALUMNOS) CÓDIGO PROPACA: 63790 | C6: Michael Saavedra Toledo | D6: 1019340
B7: OTROS DEVENGOS | D7: 4843271
A8: TOTAL | D8: =SUM(D5:D7) -> 5982611
A11: UUEE | B11: 1346 | C11: ACTIVIDADES FISICAS
A12: Folio | B12: OBJETIVO | C12: ENCARGADO | D12: Monto
A13: 509 | B13: CONTRATAR SERVICIO DE ARRENDAMIENTO, MONTAJE Y OPERACIÓN DE SISTEMAS DE AMPLIFICACIÓN DE SONIDO E ILUMINACIÓN PARA EJECUCIÓN DE GALA DEPORTIVA MINISTERIAL. | C13: Michael Saavedra Toledo | D13: 1130500
A14: 522 | B14: TRASLADO DE CADETES A INTERESCUELA EN SANTIAGO PROPACA:62203 | C14: Michael Saavedra Toledo | D14: 1232304
A15: 531 | B15: TRASLADO DE CADETES A INTERESCUELA EN SANTIAGO PROPACA:62203 | C15: Michael Saavedra Toledo | D15: 2156532
B16: OTROS DEVENGOS | D16: 15883604
A17: TOTAL | D17: =SUM(D13:D16) -> 20402940
A21: UUEE | B21: 1347 | C21: ACTIVIDADES PROFESIONALES
A22: Folio | B22: OBJETIVO | C22: ENCARGADO | D22: Monto
B23: OTROS DEVENGOS | D23: 10887532
A24: TOTAL | D24: =SUM(D23:D23) -> 10887532
A30: UUEE | B30: 1350 | C30: ACTIVIDADES ACADEMICAS
A31: Folio | B31: OBJETIVO | C31: ENCARGADO | D31: Monto
A32: 470 | B32: TRASLADO DE SELECCIONADO DE CADETES, SEGÚN CONTRATO VIGENTE. | C32: NICOLAS AROS ALVARADO | D32: 320000
A33: 506 | B33: ADQUISICIÓN DE CORTINAS ROLLER PARA SALAS DE CLASES CADETES. CÓDIGO PROPACA: 63790 | C33: Michael Saavedra Toledo | D33: 2600000
A34: 485 | B34: Responder a los requerimientos bibliográficos de los Cadetes. Considerando sugerencias relativas al fomento lector, detectadas en la circulación diaria de dichos títulos, sugerencias levantadas en procesos de Encuestas de Biblioteca año 2024 y 2025. CÓDIGO PROPACA: 62279 ADQUISICIÓN DE MATERIALES BIBLIOGRÁFICOS CORRESPONDIENTES A LOS PLANES DE ESTUDIOS. | C34: Karina Valladares Gongora | D34: 1161380
A35: 492 | B35: Insumos de seguridad para libros y materiales para el procesamiento físico y reparación de la colección. CÓDIGO PROPACA: 63402 ADQUIRIR REPUESTOS Y ACCESORIOS PARA UN USO EFICIENTE DE LOS COMPUTADORES. | C35: Karina Valladares Gongora | D35: 512905
A36: 499 | B36: Adquisición de materiales de oficina y aseo para trabajos administrativos y el mantenmiento de Biblioteca año 2025/2026. Todos los materiales seleccionados corresponden al stock no disponible en los pañoles internos de la Escuela. Los valores han sido cotizados a través de Catálogo de Ventas Dimerc. CÓDIGO PROPACA: 62269 ADQUIRIR INSUMOS DE OFICINA PARA LABORES DE BIBLIOTECA. | C36: Karina Valladares Gongora | D36: 444128
A37: 504 | B37: Materiales para la efectuar cambios y mantenimiento de los insumos eléctricos defectuosos (luminarias) de 1° y 2° Nivel de Biblioteca. Código PROPACA: 62282 | C37: Karina Valladares Gongora | D37: 507800
A38: 508 | B38: Adquisición de dos deshumidificadores de capacidad adecuada, idealmente de carácter industrial, que puedan circular de manera independiente en ambos niveles de Biblioteca. Objeto reducir la humedad del aire y mantener resguardada la colección bibliográfica del moho y bacterias. CÓDIGO PROPACA: 63402 FINANCIAR REPUESTOS Y ACCESORIOS PARA UN USO EFICIENTE DE LOS COMPUTADORES (FF ASIGNACIÓN ALUMNOS) | C38: Karina Valladares Gongora | D38: 1476600
C39: TOTAL | D39: =SUM(D32:D38) -> 7022813
A48: UUEE | B48: 1351 | C48: ALIMENTACION
A49: Folio | B49: OBJETIVO | C49: ENCARGADO | D49: Monto
A50: 535 | B50: ADQUISICION DE VIVERES PARA CADETES. | C50: CLAUDIO LEIVA | D50: 6207492
A51: 536 | B51: ADQUISICION DE VIVERES PARA CADETES. COD 64979 | C51: CLAUDIO LEIVA | D51: 4098294
A52: 537 | B52: ADQUISICION DE VIVERES CADETES. COD 64979 | C52: CLAUDIO LEIVA | D52: 6198700
A53: 538 | B53: ADQUISICION DE VIVERES PARA CADETES. COD 64979 | C53: CLAUDIO LEIVA | D53: 10038994
A54: 540 | B54: ADQUISICION DE VIVERES PARA CADETES. COD 64979 | C54: CLAUDIO LEIVA | D54: 6470375
A55: 541 | B55: ADQUISICION DE VIVERES PARA CADETES. COD 64979 | C55: CLAUDIO LEIVA | D55: 3710000
A56: 542 | B56: ADQUISICION DE VIVERES PARA CADETES. COD 64979 | C56: CLAUDIO LEIVA | D56: 6278980
A57: 543 | B57: ADQUISICION DE VIVERES PARA CADETES. COD 64979 | C57: CLAUDIO LEIVA | D57: 9600160
A58: 544 | B58: ADQUISICION DE VIVERES PARA CADETES. COD 64979 | C58: CLAUDIO LEIVA | D58: 16800000
A59: 545 | B59: ADQUISICION DE VIVERES PARA CADETES. COD 64979 | C59: CLAUDIO LEIVA | D59: 9787031
A60: 546 | B60: ADQUISICION DE VIVERES PARA CADETES. COD 64979 | C60: CLAUDIO LEIVA | D60: 14398000
A61: 547 | B61: ADQUISICION DE VIVERES PARA CADETES. COD 64979 | C61: CLAUDIO LEIVA | D61: 3835600
... A64: 518 | B64: REPOSICION PAÑOL DE CONSUMO | C64: Karina Guzman | D64: 3440000
B65: OTROS DEVENGOS | D65: 12499218
A66: TOTAL | D66: =SUM(D50:D64) -> 107007626

Sheet CONCILIACIONES
B2: CONCILIACIÓN PRESUPUESTARIA CENFIN 03, AL 31 AGOSTO DE 2025.
B4: UU.EE. | C4: NOMBRE | D4: PRESUPUESTO INICIAL | E4: AUMENTOS Y DISMINUCIONES | F4: PRESUPUESTO VIGENTE | G4: OBLIGADO CGU | H4: % OBLIG. | I4: DEVENGADO CGU | J4: % DEV. | K4: POR DEVENGAR | L4: PAGADO | M4: SALDO DISPONIBLE POR OBLIGAR CGU | N4: PROCESOS CON FOLIO RESERVADO | O4: RECURSOS DISPONIBLES | P4: AVANCE TOTAL
B5: 1320 | C5: PRESUPUESTO | D5: 296994493 | E5: 1 | F5: 296994494 | G5: 296891369 | H5: =G5/F5 -> 0.99965277 | I5: 266046488 | J5: =I5/F5 -> 0.89579603 | K5: =+G5-I5 -> 30844881 | L5: 265296788 | M5: =F5-G5 -> 103125 | N5: =+'FOLIOS 03'!D6 -> 103125 | O5: =M5-N5 -> 0 | P5: =1-O5/F5 -> 1
B6: 1331 | C6: CAPITAL ESNAVAL | D6: 649010446 | E6: =+F6-D6 -> 62107905 | F6: 711118351 | G6: 520443353 | H6: =G6/F6 -> 0.73186601 | I6: 220847091 | J6: =I6/F6 -> 0.31056306 | K6: =+G6-I6 -> 299596262 | L6: 210969805 | M6: =F6-G6 -> 190674998 | N6: =+'FOLIOS 03'!D22 -> 203432604 | O6: =M6-N6 -> -12757606 | P6: =1-O6/F6 -> 1.0179402
B7: 1333 | C7: CONTROL DE GESTIÓN | D7: 2595500 | E7: =+F7-D7 -> 3434731 | F7: 6030231 | G7: 3932190 | H7: =G7/F7 -> 0.6520795 | I7: 2912190 | J7: =I7/F7 -> 0.48293175 | K7: =+G7-I7 -> 1020000 | L7: 2912190 | M7: =F7-G7 -> 2098041 | N7: =+'FOLIOS 03'!D29 -> 563730 | O7: =M7-N7 -> 1534311 | P7: =1-O7/F7 -> 0.74556348
B8: 1334 | C8: DEPTO. EJECUTIVO | D8: 170445609 | E8: 1555886 | F8: 182307401 | G8: 137640828 | H8: =G8/F8 -> 0.75499309 | I8: 112415114 | J8: =I8/F8 -> 0.61662397 | K8: =+G8-I8 -> 25225714 | L8: 111796319 | M8: =F8-G8 -> 44666573 | N8: =+'FOLIOS 03'!D34 -> 9005609 | O8: =M8-N8 -> 35660964 | P8: =1-O8/F8 -> 0.80439102
B9: 1335 | C9: DEPTO. ABASTECIMIENTO | D9: 1132217982 | E9: =+F9-D9 -> 16609168 | F9: 1148827150 | G9: 757449171 | H9: =G9/F9 -> 0.65932388 | I9: 708782117 | J9: =I9/F9 -> 0.6169615 | K9: =+G9-I9 -> 48667054 | L9: 701697278 | M9: =F9-G9 -> 391377979 | N9: =+'FOLIOS 03'!D47 -> 87571642 | O9: =M9-N9 -> 303806337 | P9: =1-O9/F9 -> 0.73555087
B10: 1336 | C10: DEPTO. SANIDAD | D10: 21018819 | E10: =+F10-D10 -> -588136 | F10: 20430683 | G10: 15535163 | H10: =G10/F10 -> 0.76038393 | I10: 7355066 | J10: =I10/F10 -> 0.36000098 | K10: =+G10-I10 -> 8180097 | L10: 7355066 | M10: =F10-G10 -> 4895520 | N10: =+'FOLIOS 03'!D55 -> 3036529 | O10: =M10-N10 -> 1858991 | P10: =1-O10/F10 -> 0.90900985
B11: 1337 | C11: DEPTO. MANT. Y SERVICIO | D11: 354972782 | E11: =+F11-D11 -> 8309619 | F11: 363282401 | G11: 256507028 | H11: =G11/F11 -> 0.70608162 | I11: 183521466 | J11: =I11/F11 -> 0.50517577 | K11: =+G11-I11 -> 72985562 | L11: 181115405 | M11: =F11-G11 -> 106775373 | N11: =+'FOLIOS 03'!D69 -> 102486975 | O11: =M11-N11 -> 4288398 | P11: =1-O11/F11 -> 0.98819541
B12: 1338 | C12: BRIGADA | D12: 15935997 | E12: =+F12-D12 -> -2138152 | F12: 13797845 | G12: 13060631 | H12: =G12/F12 -> 0.94657035 | I12: 11781829 | J12: =I12/F12 -> 0.85388907 | K12: =+G12-I12 -> 1278802 | L12: 11781829 | M12: =F12-G12 -> 737214 | N12: =+'FOLIOS 03'!D74 -> 1009410 | O12: =M12-N12 -> -272196 | P12: =1-O12/F12 -> 1.0197274
B13: 1339 | C13: MARINA | D13: 90533036 | E13: =+F13-D13 -> 329634 | F13: 90862670 | G13: 59908199 | H13: =G13/F13 -> 0.65932686 | I13: 49442878 | J13: =I13/F13 -> 0.54414952 | K13: =+G13-I13 -> 10465321 | L13: 49442878 | M13: =F13-G13 -> 30954471 | N13: =+'FOLIOS 03'!D82 -> 2262406 | O13: =M13-N13 -> 28692065 | P13: =1-O13/F13 -> 0.68422604
B14: 1340 | C14: DEPTO. ADMISIÓN Y RR.PP. | D14: 43475040 | E14: =+F14-D14 -> -2606625 | F14: 40868415 | G14: 20172031 | H14: =G14/F14 -> 0.49358486 | I14: 18399405 | J14: =I14/F14 -> 0.45021088 | K14: =+G14-I14 -> 1772626 | L14: 18399405 | M14: =F14-G14 -> 20696384 | N14: =+'FOLIOS 03'!D90 -> 5680775 | O14: =M14-N14 -> 15015609 | P14: =1-O14/F14 -> 0.63258646
B15: 1341 | C15: COMPLEJO DEPORTIVO | D15: 92124226 | E15: =+F15-D15 -> 5108660 | F15: 97232886 | G15: 56959143 | H15: =G15/F15 -> 0.58580122 | I15: 27035160 | J15: =I15/F15 -> 0.27804543 | K15: =+G15-I15 -> 29923983 | L15: 27035160 | M15: =F15-G15 -> 40273743 | N15: =+'FOLIOS 03'!D101 -> 13507204 | O15: =M15-N15 -> 26766539 | P15: =1-O15/F15 -> 0.72471722
B16: 1342 | C16: ADMINOGASTO 03 | D16: 236988223 | E16: =+F16-D16 -> -117922408 | F16: 119065815 | G16: 6711715 | H16: =G16/F16 -> 0.05636979 | I16: 6711715 | J16: =I16/F16 -> 0.05636979 | K16: =+G16-I16 -> 0 | L16: 6711715 | M16: =F16-G16 -> 112354100 | N16: =+'FOLIOS 03'!D106 -> 429000 | O16: =M16-N16 -> 111925100 | P16: =1-O16/F16 -> 0.059972839
B17: 1343 | C17: INFORMÁTICA | D17: 42712810 | E17: =+F17-D17 -> 7535500 | F17: 50248310 | G17: 43992943 | H17: =G17/F17 -> 0.8755109 | I17: 19374591 | J17: =I17/F17 -> 0.38557697 | K17: =+G17-I17 -> 24618352 | L17: 18737591 | M17: =F17-G17 -> 6255367 | N17: 0 | O17: =M17-N17 -> 6255367 | P17: =1-O17/F17 -> 0.8755109
B18: 1344 | C18: SUBDIRECCIÓN | D18: 38255683 | E18: -5095922 | F18: 34132808 | G18: 13075465 | H18: =G18/F18 -> 0.38307616 | I18: 8929456 | J18: =I18/F18 -> 0.26160918 | K18: =+G18-I18 -> 4146009 | L18: 8929456 | M18: =F18-G18 -> 21057343 | N18: =+'FOLIOS 03'!D113 -> 2581544 | O18: =M18-N18 -> 18475799 | P18: =1-O18/F18 -> 0.4587085
B19: 1345 | C19: DIRECCIÓN | D19: 8086755 | E19: =+F19-D19 -> 6398797 | F19: 14485552 | G19: 14485552 | H19: =G19/F19 -> 1 | I19: 13556242 | J19: =I19/F19 -> 0.93584573 | K19: =+G19-I19 -> 929310 | L19: 13556242 | M19: =F19-G19 -> 0 | N19: =+'FOLIOS 03'!D119 -> 2459770 | O19: =M19-N19 -> -2459770 | P19: =1-O19/F19 -> 1.1698085
B20: 1349 | C20: SERVICIOS DE BIENESTAR | D20: 20594102 | E20: =+F20-D20 -> 5682389 | F20: 26276491 | G20: 26276482 | H20: =G20/F20 -> 0.99999966 | I20: 14825463 | J20: =I20/F20 -> 0.56421015 | K20: =+G20-I20 -> 11451019 | L20: 11960238 | M20: =F20-G20 -> 9 | N20: 0 | O20: =M20-N20 -> 9 | P20: =1-O20/F20 -> 0.99999966
C21: TOTAL PRESUPUESTO CF 03 | D21: =SUM(D5:D20) -> 3215961503 | E21: =SUM(E5:E20) -> -11278953 | F21: =SUM(F5:F20) -> 3215961503 | G21: =SUM(G5:G20) -> 2243041263 | H21: =G21/F21 -> 0.69747143 | I21: =SUM(I5:I20) -> 1671936271 | J21: =I21/F21 -> 0.5198869 | K21: =SUM(K5:K20) -> 571104992 | L21: =SUM(L5:L20) -> 1647697365 | M21: =SUM(M5:M20) -> 972920240 | N21: =SUM(N5:N20) -> 434130323 | O21: =SUM(O5:O20) -> 538789917 | P21: =1-O21/F21 -> 0.83246382
B23: Valparaíso,
C33: MARCO SEPÚLVEDA GALLEGOS | H33: VILMA MUÑOZ VÁSQUEZ | M33: RODOLFO CIFUENTES VELÁSQUEZ
C34: PERSONAL A CONTRATA | H34: CABO PRIMERO (AB) | M34: EC. GDO. 10 CONTADOR AUDITOR
C35: ASESOR DE PRESUPUESTO CF 03 | H35: ENCARGADA DE PRESUPUESTO | M35: JEFE DIVISIÓN FINANZAS
C46: CRISTÓBAL MELKONIAN ID | H46: PABLO UGARTE BENAVIDES | M46: JUAN PABLO CASTRO BRAHM
C47: CAPITÁN DE CORBETA AB | H47: CAPITÁN DE FRAGATA | M47: CAPITÁN DE NAVÍO
C48: JEFE DEPTO. ABASTECIMIENTO Y FZAS. | H48: SUBDIRECTOR | M48: DIRECTOR ESCUELA NAVAL "A.P."
B57: CONCILIACIÓN PRESUPUESTARIA CENFIN 10, AL 31 AGOSTO DE 2025.
B59: UU.EE. | C59: NOMBRE | D59: PRESUPUESTO INICIAL | E59: AUMENTOS Y DISMINUCIONES | F59: PRESUPUESTO VIGENTE | G59: OBLIGADO CGU | H59: % OBLIG. | I59: DEVENGADO CGU | J59: % DEV. | K59: POR DEVENGAR | L59: PAGADO | M59: SALDO DISPONIBLE POR OBLIGAR CGU | N59: PROCESOS CON FOLIO RESERVADO | O59: RECURSOS DISPONIBLES | P59: AVANCE TOTAL
B60: 1332 | C60: DEPTO. EDUCACIÓN | D60: 204445304 | E60: =+F60-D60 -> 447520 | F60: 204892824 | G60: 163174440 | H60: =G60/F60 -> 0.79638924 | I60: 94426624 | J60: =I60/F60 -> 0.46085862 | K60: =+G60-I60 -> 68747816 | L60: 94426624 | M60: =F60-G60 -> 41718384 | N60: ='FOLIOS 10'!D8 -> 5982611 | O60: =M60-N60 -> 35735773 | P60: =1-O60/F60 -> 0.82558797
B61: 1346 | C61: ACTIVIDADES FÍSICAS | D61: 92597591 | E61: 0 | F61: 92597591 | G61: 40485032 | H61: =G61/F61 -> 0.43721474 | I61: 35754249 | J61: =I61/F61 -> 0.38612505 | K61: =+G61-I61 -> 4730783 | L61: 35754249 | M61: =F61-G61 -> 52112559 | N61: ='FOLIOS 10'!D17 -> 20402940 | O61: =M61-N61 -> 31709619 | P61: =1-O61/F61 -> 0.6575546
B62: 1347 | C62: ACTIVIDADES PROFESION. | D62: 90687529 | E62: -1038089 | F62: 88914412 | G62: 66052817 | H62: =G62/F62 -> 0.74288088 | I62: 63200993 | J62: =I62/F62 -> 0.71080707 | K62: =+G62-I62 -> 2851824 | L62: 63200993 | M62: =F62-G62 -> 22861595 | N62: ='FOLIOS 10'!D24 -> 10887532 | O62: =M62-N62 -> 11974063 | P62: =1-O62/F62 -> 0.86533046
B63: 1348 | C63: ACTIVIDADES MILITARES | D63: 3166000 | E63: 0 | F63: 3166000 | G63: 3061333 | H63: =G63/F63 -> 0.9669403 | I63: 0 | J63: =I63/F63 -> 0 | K63: =+G63-I63 -> 3061333 | L63: 0 | M63: =F63-G63 -> 104667 | N63: 0 | O63: =M63-N63 -> 104667 | P63: =1-O63/F63 -> 0.9669403
B64: 1350 | C64: ACTIVIDADES ACADÉMICAS | D64: 46288020 | E64: -1950171 | F64: 43380604 | G64: 20359512 | H64: =G64/F64 -> 0.46932293 | I64: 15210365 | J64: =I64/F64 -> 0.35062594 | K64: =+G64-I64 -> 5149147 | L64: 15210365 | M64: =F64-G64 -> 23021092 | N64: ='FOLIOS 10'!D39 -> 7022813 | O64: =M64-N64 -> 15998279 | P64: =1-O64/F64 -> 0.63121124
B65: 1351 | C65: ALIMENTACIÓN | D65: 545864279 | E65: 1958260 | F65: 550097292 | G65: 459914639 | H65: =G65/F65 -> 0.83606054 | I65: 377592639 | J65: =I65/F65 -> 0.68641065 | K65: =+G65-I65 -> 82322000 | L65: 377592639 | M65: =F65-G65 -> 90182653 | N65: ='FOLIOS 10'!D66 -> 107007626 | O65: =M65-N65 -> -16824973 | P65: =1-O65/F65 -> 1.0305854
B66: 1353 | C66: ADMINOGASTO 10 | D66: 276765629 | E66: 0 | F66: 276765629 | G66: 1273288 | H66: =G66/F66 -> 0.0046006002 | I66: 1273288 | J66: =I66/F66 -> 0.0046006002 | K66: =+G66-I66 -> 0 | L66: 1273288 | M66: =F66-G66 -> 275492341 | N66: 0 | O66: =M66-N66 -> 275492341 | P66: =1-O66/F66 -> 0.0046006002
C67: TOTAL PRESUPUESTO CF 10 | D67: =SUM(D60:D66) -> 1259814352 | E67: =SUM(E60:E66) -> -582480 | F67: =SUM(F60:F66) -> 1259814352 | G67: =SUM(G60:G66) -> 754321061 | H67: =G67/F67 -> 0.59875573 | I67: =SUM(I60:I66) -> 587458158 | J67: =I67/F67 -> 0.46630534 | K67: =SUM(K60:K66) -> 166862903 | L67: =SUM(L60:L66) -> 587458158 | M67: =SUM(M60:M66) -> 505493291 | N67: =SUM(N60:N66) -> 151303522 | O67: =SUM(O60:O66) -> 354189769 | P67: =1-O67/F67 -> 0.71885559
B70: Valparaíso,
C82: VERÓNICA TRUJILLO CORTÉS | H82: VILMA MUÑOZ VÁSQUEZ | M82: RODOLFO CIFUENTES VELÁSQUEZ
C83: PERSONAL A CONTRATA | H83: CABO PRIMERO (AB) | M83: EC. GDO. 10 CONTADOR AUDITOR
C84: ASESORA DE PRESUPUESTO CF 10 | H84: ENCARGADA DE PRESUPUESTO | M84: JEFE DIVISIÓN FINANZAS
C95: CRISTÓBAL MELKONIAN ID | H95: PABLO UGARTE BENAVIDES | M95: JUAN PABLO CASTRO BRAHM
C96: CAPITÁN DE CORBETA AB | H96: CAPITÁN DE FRAGATA | M96: CAPITÁN DE NAVÍO
C97: JEFE DEPTO. ABASTECIMIENTO Y FZAS. | H97: SUBDIRECTOR | M97: DIRECTOR ESCUELA NAVAL "A.P."
